 Dungeon Crawl Stone Soup version 0.29.1-2-gbd0b4ee654 (webtiles) character file.

Game seed: 9188322250193417749

9507 Anriel the Protected (level 11, 0/67 HPs)
             Began as a Gargoyle Fighter on Nov 29, 2022.
             Was a Priest of Okawaru.
             Slain by a tyrant leech (19 damage)
             ... on level 10 of the Dungeon.
             The game lasted 00:56:03 (9265 turns).

Anriel the Protected (Gargoyle Fighter)             Turns: 9265, Time: 00:56:03

Health: 0/67       AC: 30    Str: 23    XL:     11   Next: 47%
Magic:  12/12      EV:  7    Int: 10    God:    Okawaru [***...]
Gold:   528        SH:  6    Dex:  9    Spells: 10/10 levels left

rFire   + . .      SeeInvis .   a - +4 flail (protect)
rCold   + . .      Faith    .   c - +0 buckler
rNeg    + . .      Spirit   .   o - +3 plate armour {rF+}
rPois   ∞          Reflect  .   D - +0 helmet
rElec   +          Harm     .   l - +0 cloak
rCorr   .          Rampage  .   K - +0 pair of gloves
Will    .....                   (no boots)
Stlth   ..........              (no amulet)
HPRegen 0.21/turn               m - ring of protection from cold
MPRegen 0.13/turn               (no ring)

@: hasted, slow
A: sickness immunity, AC +8, negative energy resistance 1, electricity
resistance, torment resistance 1, petrification resistance
a: Renounce Religion, Heroism


You were on level 10 of the Dungeon.
You worshipped Okawaru.
Okawaru was most pleased with you.
You visited 2 branches of the dungeon, and saw 11 of its levels.

You collected 573 gold pieces.
You spent 45 gold pieces at shops.

Inventory:

Hand Weapons
 a - a +4 flail of protection (weapon)
 n - the +6 sling "Bymmel" {flame, rCorr}
   (You found it on level 3 of the Dungeon)

   Any ammunition fired from it burns those it strikes, dealing additional fire
   damage.
   rCorr:     It protects you from acid and corrosion.
 t - a +0 morningstar of venom
 H - a +0 great mace
Missiles
 A - 2 throwing nets
Armour
 c - a +0 buckler (worn)
 l - a +0 cloak (worn)
 o - a +3 plate armour of fire resistance (worn)
 v - +0 steam dragon scales
 y - +1 acid dragon scales
 D - a +0 helmet (worn)
 I - a +0 troll leather armour
 K - a +0 pair of gloves (worn)
Jewellery
 e - a +6 ring of intelligence
 g - a ring of resist corrosion
 m - a ring of protection from cold (left hand)
 r - a ring of protection from cold
 z - a ring of ice
Wands
 i - a wand of digging (5)
 j - a wand of iceblast (9)
 k - a wand of paralysis (33)
 C - a wand of mindburst (28)
 J - a wand of flame (12)
 M - a wand of polymorph (2)
Scrolls
 d - a scroll of teleportation
 s - 2 scrolls of magic mapping
 x - a scroll of enchant armour
 E - a scroll of enchant weapon
 G - a scroll of noise {unknown}
Potions
 f - a potion of attraction
 h - a potion of cancellation
 p - 4 potions of flight
 q - 3 potions of berserk rage
 u - a potion of magic {unknown}
 B - a potion of brilliance {unknown}
 F - a potion of mutation {unknown}
 N - a potion of invisibility {unknown}
Miscellaneous
 L - a condenser vane


   Skills:
 + Level 7.1 Fighting
 + Level 9.8 Maces & Flails
 + Level 6.1 Ranged Weapons
 * Level 10.3 Armour
 + Level 1.2 Dodging
 * Level 9.2 Shields
 * Level 2.2 Invocations
 + Level 0.5 Evocations


You had 10 spell levels left.
You didn't know any spells.
Your spell library contained the following spells:

 Spells                   Type           Power      Damage    Failure   Level
 Blink                    Tloc           0%         N/A       100%        2
 Conjure Flame            Conj/Fire      0%         6-21      100%        3
 Ignite Poison            Fire/Tmut/Pois 0%         N/A       100%        3
 Lesser Beckoning         Tloc           0%         N/A       100%        3
 Olgreb's Toxic Radiance  Pois           0%         N/A       100%        4
 Passage of Golubria      Tloc           0%         N/A       100%        4
 Sticky Flame             Conj/Fire      0%         2d3       100%        4
 Manifold Assault         Tloc           0%         N/A       100%        5
 Yara's Violent Unravell  Hex/Tmut       0%         3d3       100%        5
 Ozocubu's Refrigeration  Ice            0%         4d7       100%        7
 Ignition                 Fire           0%         3d3       100%        8
 Tukima's Dance           Hex            Unusable   N/A       N/A         3

Dungeon Overview and Level Annotations

Branches:
Dungeon (10/15)            Temple (1/1) D:7
   Lair: D:8-11         Orc: D:9-12

Altars:
Ashenzari
Cheibriados
Dithmenos
Elyvilon
Fedhas
Gozag
Hepliaklqana
Kikubaaqudgha
Makhleb
Nemelex Xobeh
Okawaru
Qazlal
Ru
Sif Muna
Trog
Vehumet
Wu Jian
Xom
Zin
The Shining One

Shops:
D:4 **   D:6 [   D:9 *


Innate Abilities, Weirdness & Mutations

You are immune to sickness and miasma.
Your stone body is resilient. (AC +8)
You are immune to poison.
You resist negative energy. (rN+)
You are resistant to electric shocks. (rElec)
You are resistant to unholy torment.
You are immune to petrification.


Message History

The swamp worm bites you but does no damage.
Your unstable footing causes you to fumble your attack.
The swamp worm bites you but does no damage.
The tyrant leech barely misses you.
You thump the swamp worm!
The swamp worm is almost dead.
You block the swamp worm's attack.
The tyrant leech bites you but does no damage.
You sock the swamp worm!
You kill the swamp worm!
Okawaru accepts your kill.
You hit the tyrant leech.
The tyrant leech is lightly wounded.
The tyrant leech bites you but does no damage.
You hit the tyrant leech but do no damage.
The tyrant leech is lightly wounded.
You block the tyrant leech's attack.
Your unstable footing causes you to fumble your attack.
The tyrant leech bites you.
You hit the tyrant leech but do no damage.
The tyrant leech is lightly wounded.
The tyrant leech bites you!
You hit the tyrant leech but do no damage.
The tyrant leech is lightly wounded.
You barely miss the tyrant leech.
The tyrant leech is lightly wounded.
The tyrant leech barely misses you.
Your unstable footing causes you to fumble your attack.
You block the tyrant leech's attack.
You barely miss the tyrant leech.
Your unstable footing causes you to fumble your attack.
The tyrant leech bites you!!
* * * LOW HITPOINT WARNING * * *
Okay, then.
You feel yourself speed up. The tyrant leech bites you!
* * * LOW HITPOINT WARNING * * *
The tyrant leech bites you but does no damage.
You feel better.
You feel better. The tyrant leech bites you!!
You die...

#...#.......#
#.~~~~~.....+
#~~≈~≈~~....#
##~≈###~~....#
##~~##
##~~...# #~~~#
[~#~~~..#
#~≈## ~~##≈~..
#~~# ~~~ ~..
#@≈## ~~# ~..
#w~~# ~=# ~~.
##~~##~##~~..
##~≈P~P≈~...
#~~~~~~~...
##~~~~~....
#.####.... #..
... #### #


You could see a tyrant leech.

Vanquished Creatures
  5 two-headed ogres
  Pikel (D:6)
  Maggie (D:6)
  A kobold demonologist (D:8)
  A troll (D:9)
  2 yaks (D:9)
  A wyvern (D:8)
  2 steam dragons (D:6)
  A swamp worm (D:10)
  Duvessa (D:4)
  4 water moccasins
  An ice beast (D:6)
  2 black bears
  An orc warrior (D:6)
  An ogre (D:4)
  2 centaurs
  A phantom (D:6)
  4 necrophages
  Blork the orc (D:6)
  8 bullfrogs
  15 kobold brigands
  2 gnoll sergeants
  3 scorpions
  3 wights (D:6)
  Dowan (D:4)
  2 killer bees (D:9)
  4 howler monkeys
  A hound (D:5)
  Crazy Yiuf (D:6)
  2 orc priests
  A gnoll bouda (D:6)
  Natasha (thrice) (D:4)
  7 orc wizards
  2 iguanas (D:5)
  16 gnolls
  5 adders
  A worm (D:3)
  5 dart slugs
  25 orcs
  4 bats
  5 endoplasms
  3 giant cockroaches
  6 goblins
  7 hobgoblins
  4 jackals (D:1)
  15 kobolds
  5 quokkas
  6 ball pythons
  2 frilled lizards
  4 rats
201 creatures vanquished.

Vanquished Creatures (others)
  An orc (D:6)
  A fungus (D:6)
  3 plants
5 creatures vanquished.

Grand Total: 206 creatures vanquished

Notes
Turn   | Place    | Note
-------+----------+-------------------------------------------
     0 | D:1      | Anriel the Gargoyle Fighter began the quest for the Orb.
     0 | D:1      | Reached XP level 1. HP: 14/14 MP: 1/1
    74 | D:1      | Reached XP level 2. HP: 11/19 MP: 2/2
   546 | D:1      | Reached XP level 3. HP: 23/23 MP: 3/3
  1265 | D:2      | Reached XP level 4. HP: 29/29 MP: 4/4
  1479 | D:2      | Found a faded altar of an unknown god.
  1512 | D:2      | Reached skill level 4 in Armour
  2484 | D:2      | Reached XP level 5. HP: 27/33 MP: 5/5
  2622 | D:3      | Found a glowing golden altar of the Shining One.
  2705 | D:3      | Identified the +6 sling "Bymmel" {flame, rCorr}
  3159 | D:3      | Found a sacrificial altar of Ru.
  3229 | D:4      | Noticed Natasha
  3245 | D:4      | Killed Natasha
  3251 | D:4      | Noticed a black bear
  3268 | D:4      | Killed a black bear
  3269 | D:4      | Reached skill level 1 in Ranged Weapons
  3269 | D:4      | Reached XP level 6. HP: 19/38 MP: 6/6
  3440 | D:4      | Found a burning altar of Makhleb.
  3449 | D:4      | Noticed Duvessa
  3449 | D:4      | Noticed Dowan
  3463 | D:4      | Killed Duvessa
  3473 | D:4      | Killed Dowan
  3474 | D:4      | Reached skill level 5 in Armour
  3474 | D:4      | Reached XP level 7. HP: 18/43 MP: 7/7
  3484 | D:4      | Found an ancient bone altar of Kikubaaqudgha.
  3637 | D:4      | Noticed Natasha
  3644 | D:4      | Killed Natasha
  3682 | D:4      | Reached skill level 1 in Dodging
  3704 | D:4      | Noticed Natasha
  3707 | D:4      | Killed Natasha
  3708 | D:4      | Reached skill level 5 in Shields
  3749 | D:4      | Found Gokixzig's Lightly-Used Armoury.
  3761 | D:4      | Found a radiant altar of Vehumet.
  3761 | D:4      | Found an opulent altar of Gozag.
  3776 | D:4      | Found Meosch's Fire Supplies.
  3966 | D:5      | Entered Level 5 of the Dungeon
  4225 | D:5      | Reached skill level 5 in Maces & Flails
  4554 | D:5      | Reached XP level 8. HP: 48/48 MP: 8/8
  4889 | D:6      | Noticed Blork the orc
  4897 | D:6      | Killed Blork the orc
  4951 | D:6      | Reached skill level 6 in Armour
  4956 | D:6      | Reached skill level 5 in Fighting
  4989 | D:6      | Noticed Pikel
  5018 | D:6      | Paralysed by Pikel for 4 turns
  5025 | D:6      | Killed Pikel
  5026 | D:6      | Reached XP level 9. HP: 29/54 MP: 9/9
  5100 | D:6      | Found Paevaff's Armour Shoppe.
  5290 | D:6      | Reached skill level 7 in Armour
  5429 | D:6      | Found a glowing silver altar of Zin.
  5509 | D:6      | Noticed Maggie
  5797 | D:6      | Found a runed translucent door.
  5798 | D:6      | Noticed Crazy Yiuf
  5807 | D:6      | Killed Crazy Yiuf
  5967 | D:6      | Killed Maggie
  6385 | D:7      | Found a staircase to the Ecumenical Temple.
  6385 | D:7      | Noticed a two-headed ogre
  6398 | D:7      | Killed a two-headed ogre
  6399 | D:7      | Reached skill level 8 in Armour
  6399 | D:7      | Reached XP level 10. HP: 60/60 MP: 10/10
  6405 | Temple   | Entered the Ecumenical Temple
  6510 | Temple   | Became a worshipper of Warmaster Okawaru
  6866 | D:7      | Reached skill level 5 in Ranged Weapons
  7015 | D:7      | Found a shadowy altar of Dithmenos.
  7255 | D:8      | Noticed a two-headed ogre
  7262 | D:8      | Killed a two-headed ogre
  7262 | D:8      | Reached * piety under Okawaru
  7263 | D:8      | Reached skill level 9 in Armour
  7307 | D:8      | Noticed a two-headed ogre
  7321 | D:8      | Killed a two-headed ogre
  7396 | D:8      | Noticed a kobold demonologist
  7415 | D:8      | Killed a kobold demonologist
  7474 | D:8      | Reached XP level 11. HP: 33/66 MP: 11/11
  7525 | D:8      | Reached ** piety under Okawaru
  8550 | D:9      | Found an ornate altar of the Wu Jian Council.
  8551 | D:9      | Noticed a two-headed ogre
  8564 | D:9      | Killed a two-headed ogre
  8565 | D:9      | Reached skill level 10 in Armour
  8565 | D:9      | Reached skill level 1 in Invocations
  8768 | D:9      | Reached *** piety under Okawaru
  8941 | D:9      | Noticed a two-headed ogre
  8948 | D:9      | Killed a two-headed ogre
  8962 | D:9      | Found Roloroti's Assorted Antiques.
  8972 | D:9      | Bought a scroll labelled NUYMPANINA for 24 gold pieces
  8972 | D:9      | Bought a fuming puce potion for 21 gold pieces
  9115 | D:10     | Entered Level 10 of the Dungeon
  9260 | D:10     | HP: 1/67 [tyrant leech (12)]
  9265 | D:10     | Slain by a tyrant leech

Illustrated notes

Levels and vault maps discovered:
D:1:      lightli_arrival_flooded_house, layout_basic
D:2:      layout_loops_corners, ebering_ecumenical_altar_box,
          amcnicky_mini_pool_small, chequers_serial_rivers_marsh,
          chequers_serial_rivers_micro_e
D:3:      layout_rooms, tso_altar, mainiacjoe_overflow_alcove_4, st_stairs_5
D:4:      layout_rooms, mainiacjoe_overflow_big_doors,
          chequers_temple_overflow_statue_of_worship,
          nicolae_kite_square_tiling_tiny, minmay_shop_damaged,
          minmay_misc_feat_rugged, nicolae_shop_fire_sale
          [nicolae_sub_dead_trees], uniq_natasha, uniq_duvessa
D:5:      layout_loops_corners, dreamdust_wishing_well
D:6:      kennysheep_steamy, layout_basic, mainiacjoe_overflow_six_doors_small,
          serial_shops, shop, uniq_crazy_yiuf_cottage, uniq_pikel,
          uniq_blork_the_orc, uniq_maggie
D:7:      layout_basic, kennysheep_little_box, minmay_temple_entry_hall
D:8:      layout_loops_ring, special_room [special_room_kobold]
D:9:      layout_basic, nzn_wu_jian_council_hall, serial_shops,
          nicolae_lakefront_shop, chequers_serial_rivers_small_a,
          minmay_fractal_squares_diagonal_5
D:10:     layout_irregular_city, eat_drink_and_be_merry_uskayaw,
          mainiacjoe_overflow_surrounded_room, worms_lemuel, uniq_urug
Temple:   nicolae_temple_ecumenical_triangle

Skill      XL: |  1  2  3  4  5  6  7  8  9 10 11 |
---------------+----------------------------------+-----
Armour         | 4 5 6 8 9 10 | 10.3
Maces & Flails | 3 4 5 7 8 9 |  9.8
Fighting       | 4 5 6 7 |  7.1
Ranged Weapons | 1 2 3 4 5 6 |  6.1
Shields        | 4 5 6 7 8 9 |  9.2
Dodging        | 1 |  1.2
Invocations    | 2 |  2.2
Evocations     | |  0.5

Action                   |  1- 3 |  4- 6 |  7- 9 | 10-12 || total
-------------------------+-------+-------+-------+-------++-------
Melee: Flail             |    88 |   165 |   284 |   311 ||   848
       Morningstar       |       |       |       |    23 ||    23
 Fire: Sling             |       |    21 |    67 |    54 ||   142
Evoke: Wand              |       |       |     2 |     1 ||     3
  Use: Potion            |     2 |     3 |     9 |     6 ||    20
       Scroll            |       |     4 |     5 |     9 ||    18
 Stab: Paralysed         |       |       |     4 |       ||     4
Armor: Scale mail        |    46 |    38 |       |       ||    84
       Plate armour      |       |    92 |   212 |   271 ||   575
Dodge: Dodged            |    57 |    71 |    88 |   128 ||   344
Block: Buckler           |    25 |    49 |    52 |   101 ||   227
